 Dungeon Crawl Stone Soup version 0.27-a0-1185-ga233589e6f (webtiles) character file.

Game seed: 17730279646339646601

330 Froggeryz the Chiller (level 6, -2/45 HPs)
             Began as a Draconian Ice Elementalist on May 19, 2021.
             Killed from afar by Grinder (11 damage)
             ... with a puff of flame
             ... while paralysed by Grinder
             ... on level 4 of the Dungeon.
             The game lasted 00:05:24 (4361 turns).

Froggeryz the Chiller (Draconian Ice Elementalist)  Turns: 4361, Time: 00:05:25

Health: -2/45      AC:  6    Str: 12    XL:     6   Next: 26%
Magic:  9/9        EV:  2    Int: 15    God:
Gold:   76         SH:  0    Dex: 12    Spells: 5/9 levels left

rFire    . . .     SeeInvis .     - Unarmed
rCold    . . .     Faith    .   (no shield)
rNeg     . . .     Spirit   .   (armour unavailable)
rPois    .         Reflect  .   (helmet restricted)
rElec    .         Harm     .   (no cloak)
rCorr    .         Rampage  .   (no gloves)
Will     .....                  (no boots)
Stlth    ++........             (no amulet)
HPRegen  0.15/turn              o - +4 ring of evasion
MPRegen  0.11/turn              e - ring of flight

@: paralysed, attractive, flying, studying Air Magic
A: AC +6, unfitting armour, cold-blooded
a: no special abilities


You were on level 4 of the Dungeon.
You visited 1 branch of the dungeon, and saw 4 of its levels.

You collected 76 gold pieces.

Inventory:

Jewellery
 d - a ring of positive energy
 e - a ring of flight (right hand)
 f - an amulet of faith
 o - a +4 ring of evasion (left hand)
Scrolls
 a - a scroll of vulnerability {unknown}
 g - a scroll of amnesia {unknown}
 l - a scroll of identify {unknown}
 m - a scroll of noise {unknown}
 q - a scroll of teleportation {unknown}
Potions
 b - 2 potions of magic {unknown}
 c - a potion of flight {unknown}
 h - 2 potions of might {unknown}
 j - 2 potions of curing
 k - a potion of lignification {unknown}
 n - a potion of degeneration {unknown}
 p - a potion of heal wounds {unknown}


   Skills:
 - Level 2.0 Dodging
 - Level 1.7 Stealth
 + Level 4.1 Unarmed Combat
 - Level 2.0 Spellcasting
 + Level 6.0 Ice Magic


You had 5 spell levels left.
You knew the following spells:

 Your Spells              Type           Power      Damage    Failure   Level
a - Freeze                Ice            76%        1d9       1%          1
b - Frozen Ramparts       Ice            38%        1d5       5%          3

Your spell library contained the following spells:

 Spells                   Type           Power      Damage    Failure   Level
 Ozocubu's Armour         Ice            19%        N/A       5%          3
 Summon Small Mammal      Summ           4%         N/A       22%         1
 Call Imp                 Summ           1%         N/A       32%         2
 Call Canine Familiar     Summ           1%         N/A       54%         3
 Summon Guardian Golem    Hex/Summ       1%         N/A       54%         3
 Hailstorm                Conj/Ice       10%        3d5       54%         4
 Summon Ice Beast         Ice/Summ       10%        N/A       54%         4
 Metabolic Englaciation   Hex/Ice        5%         N/A       87%         5
 Summon Lightning Spire   Summ/Air       1%         N/A       91%         4


Dungeon Overview and Level Annotations

Branches:
Dungeon (4/15)
 Temple: D:4-7

Altars:

Shops:
D:3 !

Annotations:
D:4 Grinder


Innate Abilities, Weirdness & Mutations

Your plain brown scales are hard. (AC +6)
You cannot fit into any form of body armour.
You are cold-blooded and may be slowed by cold attacks.


Message History

The worm is moderately wounded.
The worm closely misses you.
Casting: Freeze (safe; 1% risk of failure)
Confirm with . or Enter, or press ? or * to list all spells.
Aiming: Freeze (safe; 1% risk of failure)
Press: ? - help, Shift-Dir - straight line, f/p - worm
Aim: a worm (moderately wounded)
You freeze the worm.
The worm is severely wounded.
Casting: Freeze (safe; 1% risk of failure)
Confirm with . or Enter, or press ? or * to list all spells.
Aiming: Freeze (safe; 1% risk of failure)
Press: ? - help, Shift-Dir - straight line, f/p - worm
Aim: a worm (severely wounded)
You freeze the worm!
You kill the worm!
Magic restored.
Things that are here:
a +0 club; a goblin corpse Grinder comes into view.
She is carrying a wand of flame (24).
Grinder shouts!
Found a dagger.
You see here an amulet of magic regeneration.
Grinder is nearby!
Grinder is nearby!
You aren't carrying any items that you can evoke.
It was a potion of attraction.
You feel attractive to monsters. Grinder gestures at you.
You suddenly lose the ability to move!
Grinder is pulled toward you!
Grinder zaps a wand.
The puff of flame hits you! Grinder hits you.
You writhe in agony.
Grinder says, "Mostly I couldn't keep them alive."
Grinder zaps a wand.
The puff of flame hits you! Grinder hits you.
* * * LOW HITPOINT WARNING * * *
You writhe in agony.
* * * LOW HITPOINT WARNING * * *
Grinder zaps a wand.
The puff of flame hits you!
You die...

#...# #.........
#...#...# #
#..##)†.......
#..##..##
..#......##.##.#
#.# #.##
...##.....#....##..
..
...............).
...
.................
..#
#.......##.......
..#
...###.."........
... #....@.......
.. #...5###.#..#
....#.... .#
..........
......#....
#....##...## #....
#.... ##... ##...#


You could see Grinder.

Vanquished Creatures
  A black bear (D:3)
  An orc priest (D:4)
  Jessica (D:3)
  2 orc wizards (D:4)
  5 adders
  2 worms
  A dart slug (D:3)
  2 orcs (D:4)
  7 endoplasms
  2 giant cockroaches
  8 goblins
  4 hobgoblins
  14 jackals
  4 quokkas
  6 ball pythons
  5 bats
  2 frilled lizards (D:1)
  5 kobolds
  5 rats
77 creatures vanquished.

Notes
Turn   | Place    | Note
-------+----------+-------------------------------------------
     0 | D:1      | Froggeryz the Draconian Ice Elementalist began the quest
                  | for the Orb.
     0 | D:1      | Reached XP level 1. HP: 14/14 MP: 3/3
   334 | D:1      | Reached XP level 2. HP: 19/20 MP: 5/5
   403 | D:1      | Reached skill level 1 in Unarmed Combat
   972 | D:1      | Reached XP level 3. HP: 11/26 MP: 3/6
  1421 | D:1      | You are sucked into a shaft and drop 1 floor!
  2188 | D:2      | Found a faded altar of an unknown god.
  2199 | D:2      | Learned a level 3 spell: Frozen Ramparts
  2478 | D:2      | Reached XP level 4. HP: 31/33 MP: 7/7
  2668 | D:2      | Reached skill level 5 in Ice Magic
  2837 | D:3      | Found Poanoof's Distillery.
  3296 | D:3      | Noticed a black bear
  3313 | D:3      | Killed a black bear
  3314 | D:3      | Reached XP level 5. HP: 28/38 MP: 0/8
  3675 | D:3      | Noticed Jessica
  3691 | D:3      | Killed Jessica
  3928 | D:4      | Reached XP level 6. HP: 30/45 MP: 5/9
  3938 | D:4      | Reached skill level 6 in Ice Magic
  4353 | D:4      | Noticed Grinder
  4356 | D:4      | Paralysed by Grinder for 6 turns
  4361 | D:4      | Killed from afar by Grinder

Illustrated notes

Levels and vault maps discovered:
D:1:      minmay_arrival_four_houses, layout_loops_ring
D:2:      wander_river, layout_basic, hellmonk_ecumenical_altar_slurped_away,
          minmay_misc_feat_diagonals, glass_columns_b, grunt_ministairs_1
D:3:      layout_basic, serial_shops, nicolae_shop_waterfront, uniq_jessica
D:4:      layout_cave_pools, nzn_wu_jian_contemplation, uniq_grinder

Skill      XL: |  1  2  3  4  5  6 |
---------------+-------------------+-----
Dodging        | 2 |  2.0
Unarmed Combat | 1 2 3 4 |  4.1
Ice Magic      | 5 6 |  6.0
Stealth        | |  1.7
Spellcasting   | |  2.0

Action                   |  1- 3 |  4- 6 || total
-------------------------+-------+-------++-------
Melee: Mace              |   103 |       ||   103
       Tailslap          |    13 |     9 ||    22
       Unarmed           |    16 |    74 ||    90
       Punch             |       |     1 ||     1
 Cast: Freeze            |    27 |    25 ||    52
       Frozen Ramparts   |     1 |     5 ||     6
  Use: Potion            |     1 |     1 ||     2
 Stab: Sleeping          |     2 |       ||     2
Armor: Skin              |    48 |    22 ||    70
Dodge: Dodged            |   122 |    53 ||   175

Table legend: (Time is in decaauts)
 A = Elapsed time spent in this place.
 B = Non-inter-level travel time spent in this place.
 C = Inter-level travel time spent in this place.
 D = Time resting spent in this place.
 E = Time spent auto-exploring this place.
 F = Levels seen in this place.
 G = Mean time per level.
                   A        B        C        D        E       F      G
               +--------+--------+--------+--------+--------+-----+--------+
         Total |   4402 |   4334 |     68 |    875 |   2819 |   4 | 1100.5 |
       Dungeon |   4402 |   4334 |     68 |    875 |   2819 |   4 | 1100.5 |
               +--------+--------+--------+--------+--------+-----+--------+

Top non-repeatable levels by time:
     D:1: 1703 daAuts
     D:3: 1284 daAuts
     D:2: 1137 daAuts
     D:4: 277 daAuts
